 Dungeon Crawl Stone Soup version 0.29.1-12-g30fa7ad0bf (webtiles) character file.

Game seed: 16625408608806584598

4109 FexLirch the Arsonist (level 10, -12/65 HPs)
             Began as a Demonspawn Fire Elementalist on Dec 14, 2022.
             Was a Follower of Sif Muna.
             Mangled by a death yak (27 damage)
             ... on level 8 of the Dungeon.
             The game lasted 00:48:33 (8509 turns).

FexLirch the Arsonist (DsFE)                        Turns: 8509, Time: 00:48:34

Health: -12/65     AC:  7    Str:  5    XL:     10   Next: 6%
Magic:  7/18       EV: 15    Int: 24    God:    Sif Muna [*.....]
Gold:   392        SH:  4    Dex: 13    Spells: 4/20 levels left

rFire   . . .      SeeInvis .   C - staff of conjuration
rCold   . . .      Faith    .   (no shield)
rNeg    . . .      Spirit   .   s - +2 robe of the Lair of Beasts {rElec rPois Str-5 Int+4}
rPois   +          Reflect  .   B - +0 helmet
rElec   +          Harm     .   n - +0 cloak
rCorr   .          Rampage  .   (no gloves)
Will    +....                   a - +0 pair of boots
Stlth   ++........              (no amulet)
HPRegen 0.20/turn               (no ring)
MPRegen 0.16/turn               (no ring)

@: no status effects
A: claws 1, repulsion field 2, powered by death 2, condensation shield, demonic
willpower
a: Renounce Religion, Channel Magic


You were on level 8 of the Dungeon.
You worshipped Sif Muna.
Sif Muna was aware of your devotion.
You visited 2 branches of the dungeon, and saw 10 of its levels.

You collected 392 gold pieces.

Inventory:

Hand Weapons
 e - a +0 spear
 q - a +2 dagger of speed
 u - a +3 mace
 y - a +2 whip of venom
 G - a +2 long sword of flaming
 H - a +5 scimitar
Missiles
 I - a throwing net
Armour
 a - a +0 pair of boots (worn)
 i - a +1 leather armour of positive energy
 n - a +0 cloak (worn)
 s - the +2 robe of the Lair of Beasts (worn) {rElec rPois Str-5 Int+4}
   (You found it on level 5 of the Dungeon)

   Str:       It affects your strength (-5).
   Int:       It affects your intelligence (+4).
   rElec:     It insulates you from electricity.
   rPois:     It protects you from poison.
 B - a +0 helmet (worn)
 F - a +1 robe of cold resistance
 J - a +0 robe of the Archmagi
Magical Staves
 C - a staff of conjuration (weapon)
Jewellery
 l - an amulet of faith
Wands
 r - a wand of flame (17)
 v - a wand of quicksilver (8)
Scrolls
 c - a scroll of vulnerability {unknown}
 d - 2 scrolls of summoning
 g - 3 scrolls of enchant armour
 j - 2 scrolls of teleportation
 k - a scroll of brand weapon
 o - 2 scrolls of magic mapping
 t - 3 scrolls of poison {unknown}
 w - 2 scrolls of fear
 D - 4 scrolls of identify
 K - a scroll of noise {unknown}
Potions
 b - a potion of magic
 f - a potion of cancellation
 h - a potion of flight
 m - a potion of mutation
 p - 2 potions of brilliance
 x - a potion of attraction {unknown}
 z - a potion of heal wounds
 A - 2 potions of lignification {unknown}
 E - 2 potions of curing


   Skills:
 + Level 1.2 Fighting
 + Level 2.2 Dodging
 - Level 1.7 Stealth
 + Level 5.6 Spellcasting
 + Level 8.0 Conjurations
 * Level 9.9 Fire Magic
 + Level 1.9 Invocations


You had 4 spell levels left.
You knew the following spells:

 Your Spells              Type           Power      Damage    Failure   Level
a - Foxfire               Conj/Fire      100%       2x1d9     1%          1
b - Scorch                Fire           100%       2d10      1%          2
c - Conjure Flame         Conj/Fire      66%        6-21      1%          3
d - Blink                 Tloc           12%        N/A       13%         2
e - Flame Wave            Conj/Fire      66%        2d15      1%          4
f - Sticky Flame          Conj/Fire      66%        2d8       1%          4

Your spell library contained the following spells:

 Spells                   Type           Power      Damage    Failure   Level
 Static Discharge         Conj/Air       39%        3-8/arc   2%          2
 Inner Flame              Hex/Fire       30%        N/A       3%          3
 Apportation              Tloc           12%        N/A       9%          1
 Ensorcelled Hibernation  Hex/Ice        12%        N/A       13%         2
 Passwall                 Tmut/Erth      5%         N/A       13%         2
 Lesser Beckoning         Tloc           6%         N/A       26%         3
 Swiftness                Air            6%         N/A       26%         3
 Dispel Undead            Necr           6%         3d8       63%         4
 Alistair's Intoxication  Tmut/Pois      4%         N/A       93%         5
 Manifold Assault         Tloc           6%         N/A       93%         5
 Conjure Ball Lightning   Conj/Air       19%        3x3d6     94%         6
 Discord                  Hex            3%         N/A       100%        8
 Disjunction              Tloc           3%         N/A       100%        8


Dungeon Overview and Level Annotations

Branches:
Dungeon (9/15)             Temple (1/1) D:6
   Lair: D:8-11         Orc: D:9-12

Altars:
Cheibriados
Dithmenos
Kikubaaqudgha
Makhleb
Nemelex Xobeh
Ru
Sif Muna

Annotations:
D:3 Sigmund
D:6 Maggie


Innate Abilities, Weirdness & Mutations

You have sharp fingernails.
You are surrounded by a moderate repulsion field. (EV +3)
You regenerate health from kills.
A meltable shield of frost defends you. (SH +4)
You punish those that try to bend your will. (Will+)


Message History

Press: ? - help, Shift-Dir - straight line, f - death yak
Aim: a death yak (flame, 100% to hit)
You feel a surge of power!
The sticky flame hits the death yak but does no damage.
The death yak is covered in liquid flames!
The death yak burns!
The death yak is engulfed in blazing flames.
The death yak barely misses you.
You smother the flame.
Unknown command.
Unknown command.
Casting: Sticky Flame (dangerous; 1% risk of failure)
Confirm with . or Enter, or press ? or * to list all spells.
Okay, then.
Unknown command.
Unknown command.
Casting: Sticky Flame (dangerous; 1% risk of failure)
Confirm with . or Enter, or press ? or * to list all spells.
Flames lash the death yak but do no damage.
The death yak bellows!
You hear a bellow! x2
The death yak burns!
The death yak is engulfed in blazing flames.
The death yak gores you!
Unknown command.
You hit the death yak but do no damage.
The death yak is lightly wounded.
The death yak burns!
The death yak is engulfed in blazing flames.
The death yak gores you!
A death yak comes into view.
Unknown command.
Unknown command.
The death yak attacks as you move away! The death yak gores you!!
* * * LOW HITPOINT WARNING * * *
The death yak burns!
A death yak comes into view.
The death yak is engulfed in blazing flames.
Unknown command.
Unknown command.
The death yak attacks as you move away! The death yak gores you!!
You die...

##.## ###. #..# #..
....## ##..## #.#
#...... #....# #.#
Y.....# #....# #.#
.Y...# #..##z# #.#
Y$...# #.# #.# ##.##
....## ..
#.#####.#.########YY##.#
.#
#......###..@Y§Y.Y$.##.#
.
#######.#.############.#
##<## #######.# ###
#.......# # ##.####### #
###...###### ######
#..........# .....#
#.#...####.# ####.######
#.##.## #.#


You could see 5 death yaks.

Vanquished Creatures
  3 steam dragons
  Menkaure (D:6)
  Duvessa (D:6)
  3 water moccasins
  An orc warrior (D:6)
  A black bear (D:4)
  A sky beast (D:7)
  2 ice beasts
  3 ogres
  A centaur (D:8)
  3 phantoms
  2 bullfrogs
  3 necrophages
  A gnoll sergeant (D:7)
  2 scorpions (D:4)
  6 wights
  Dowan (D:6)
  8 killer bees
  A howler monkey (D:8)
  4 jellies
  3 hounds
  3 gnoll boudas
  4 orc priests
  Natasha (D:3)
  2 iguanas (D:6)
  4 orc wizards
  7 adders
  18 gnolls
  A white imp (D:6)
  2 ufetubi
  3 worms
  A dart slug (D:3)
  17 orcs
  7 ball pythons
  8 endoplasms
  3 giant cockroaches
  7 goblins
  4 hobgoblins
  8 jackals
  10 kobolds
  6 quokkas
  8 bats
  A frilled lizard (D:2)
  3 rats (D:1)
179 creatures vanquished.

Vanquished Creatures (collateral kills)
  A foxfire (D:3)
1 creature vanquished.

Vanquished Creatures (others)
  452 foxfires
  A plant (D:3)
453 creatures vanquished.

Grand Total: 633 creatures vanquished

Notes
Turn   | Place    | Note
-------+----------+-------------------------------------------
     0 | D:1      | FexLirch the Demonspawn Fire Elementalist began the quest
                  | for the Orb.
     0 | D:1      | Reached XP level 1. HP: 13/13 MP: 3/3
    54 | D:3      | Noticed Natasha
    83 | D:2      | Reached skill level 3 in Fire Magic
    83 | D:2      | Gained mutation: You regenerate a little health from kills.
                  | [demonic ancestry]
    83 | D:2      | Reached XP level 2. HP: 19/19 MP: 0/5
   473 | D:2      | Learned a level 2 spell: Scorch
   552 | D:2      | Found a faded altar of an unknown god.
   914 | D:1      | Gained mutation: A meltable shield of frost defends you.
                  | (SH +4) [demonic ancestry]
   914 | D:1      | Reached XP level 3. HP: 24/24 MP: 2/6
  1635 | D:1      | Gained mutation: You are surrounded by a mild repulsion
                  | field. (EV +2) [demonic ancestry]
  1635 | D:1      | Reached XP level 4. HP: 23/30 MP: 2/7
  2088 | D:4      | Reached skill level 4 in Fire Magic
  2106 | D:4      | Gained mutation: You regenerate health from kills. [demonic
                  | ancestry]
  2106 | D:4      | Reached XP level 5. HP: 20/35 MP: 0/8
  2184 | D:5      | Entered Level 5 of the Dungeon
  2266 | D:5      | Identified the +2 robe of the Lair of Beasts {rElec rPois
                  | Str-5 Int+4}
  2470 | D:4      | Gained mutation: You have sharp fingernails. [demonic
                  | ancestry]
  2470 | D:4      | Reached XP level 6. HP: 41/41 MP: 0/9
  2681 | D:4      | Reached skill level 5 in Fire Magic
  2892 | D:4      | Reached skill level 5 in Conjurations
  2892 | D:4      | Reached XP level 7. HP: 42/46 MP: 3/10
  3472 | D:3      | Noticed Sigmund
  3498 | D:3      | Killed Natasha
  3649 | D:3      | Learned a level 3 spell: Conjure Flame
  3652 | D:3      | Learned a level 2 spell: Blink
  3782 | D:6      | Noticed Maggie
  3784 | D:6      | Noticed Duvessa
  3785 | D:6      | Reached skill level 6 in Fire Magic
  4489 | D:5      | Reached XP level 8. HP: 52/52 MP: 7/12
  4662 | D:5      | Reached skill level 7 in Fire Magic
  4936 | D:6      | Noticed Dowan
  4943 | D:6      | Learned a level 4 spell: Flame Wave
  4948 | D:6      | Killed Dowan
  5014 | D:6      | Killed Duvessa
  5275 | D:6      | Found a staircase to the Ecumenical Temple.
  5583 | D:6      | Reached skill level 8 in Fire Magic
  5892 | Temple   | Entered the Ecumenical Temple
  5901 | Temple   | Became a worshipper of Sif Muna the Loreminder
  5957 | D:6      | Noticed Menkaure
  5960 | D:6      | Killed Menkaure
  5961 | D:6      | Gained mutation: You are surrounded by a moderate repulsion
                  | field. (EV +3) [demonic ancestry]
  5961 | D:6      | Reached XP level 9. HP: 57/57 MP: 7/15
  6046 | D:6      | Found a sparkling altar of Nemelex Xobeh.
  6532 | D:8      | Noticed a two-headed ogre
  6535 | D:7      | Found a burning altar of Makhleb.
  6540 | D:7      | Noticed an angel
  6541 | D:7      | Noticed an Executioner
  6609 | D:7      | Reached skill level 9 in Fire Magic
  6736 | D:8      | Noticed a death yak
  6756 | D:8      | Reached skill level 5 in Spellcasting
  7159 | D:7      | Reached * piety under Sif Muna
  7342 | D:8      | Learned a level 4 spell: Sticky Flame
  7480 | D:6      | Reached skill level 1 in Invocations
  8273 | D:8      | Reached skill level 1 in Fighting
  8273 | D:8      | Gained mutation: You punish those that try to bend your
                  | will. (Will+) [demonic ancestry]
  8273 | D:8      | Reached XP level 10. HP: 65/65 MP: 11/18
  8320 | D:8      | Identified the +2 plate armour of Hubris {rCorr}
  8329 | D:8      | Noticed a centaur warrior
  8498 | D:8      | Noticed a death yak
  8498 | D:8      | Noticed a death yak
  8498 | D:8      | Noticed a death yak
  8507 | D:8      | Noticed a death yak
  8508 | D:8      | Noticed a death yak
  8509 | D:8      | Mangled by a death yak

Illustrated notes

Levels and vault maps discovered:
D:1:      onia_arrival_mini_spirals, layout_rooms,
          chequers_serial_rivers_room_b, amcnicky_mini_corridor_feature,
          minmay_tromino_i4
D:2:      layout_basic, ebering_ecumenical_altar_mist
D:3:      layout_basic, general_overflow_altar, serial_rivers,
          chequers_serial_rivers_small_b, chequers_serial_rivers_micro_a,
          chequers_serial_rivers_large_a, chequers_serial_rivers_large_b,
          serial_bayou_lake_a, uniq_natasha, uniq_sigmund
D:4:      layout_basic
D:5:      layout_loops_ring
D:6:      layout_rooms, nemelex_dance_club_becter,
          minmay_temple_entry_proselytizer, serial_glass, glass_columns_c,
          glass_columns_a, glass_columns_b, glass_columns_b,
          eino_small_chamber_without_monster, minivault_27, uniq_menkaure,
          uniq_duvessa, uniq_maggie
D:7:      layout_basic, grunt_temple_overflow_order_and_chaos_2, minmay_bent
D:8:      minmay_the_grid_triangle_9x9_recursive_2
          [minmay_the_grid_triangle_9x9_prize_schism,
          minmay_the_grid_triangle_9x9_dagger,
          minmay_the_grid_triangle_9x9_skeleton,
          minmay_the_grid_triangle_9x9_longest], layout_loops_ring,
          dpeg_lair_monsters, nicolae_shop_i_like_big_books
D:9:      layout_stronghold, minmay_evil_grid
Temple:   regret_index_temple_mists

Skill      XL: |  1  2  3  4  5  6  7  8  9 |
---------------+----------------------------+-----
Fire Magic     | 3 4 5 6 8 9 |  9.9
Conjurations   | 2 3 4 5 6 8 |  8.0
Spellcasting   | 4 5 |  5.6
Dodging        | 2 |  2.2
Invocations    | 1 |  1.9
Fighting       | 1 |  1.2
Stealth        | |  1.7

Action                   |  1- 3 |  4- 6 |  7- 9 | 10-12 || total
-------------------------+-------+-------+-------+-------++-------
Melee: Spear             |    34 |    24 |       |       ||    58
       Unarmed           |     1 |       |       |       ||     1
       Dagger            |       |    11 |    30 |       ||    41
       Whip              |       |       |    17 |       ||    17
       Staff             |       |       |    13 |     4 ||    17
 Cast: Foxfire           |    62 |    45 |   141 |    14 ||   262
       Scorch            |       |    16 |    61 |     2 ||    79
       Conjure Flame     |       |       |     4 |     2 ||     6
       Blink             |       |       |     1 |       ||     1
       Flame Wave        |       |       |     7 |     1 ||     8
       Sticky Flame      |       |       |     3 |     1 ||     4
  Use: Scroll            |       |     6 |     5 |       ||    11
       Potion            |       |     1 |       |       ||     1
 Stab: Sleeping          |     1 |     1 |       |       ||     2
Armor: Leather armour    |    20 |    16 |       |       ||    36
       Robe              |     1 |     3 |    32 |     2 ||    38
Dodge: Dodged            |    34 |    41 |   100 |     9 ||   184
Block: Other             |     7 |     5 |    20 |     2 ||    34
